 Dungeon Crawl Stone Soup version 0.29-a0-490-g77b3608bb8 (webtiles) character file.

Game seed: 3350431430893737241

953 croobank the Firebug (level 8, -1/58 HPs)
             Began as a Gnoll Fire Elementalist on May 26, 2022.
             Was an Initiate of Gozag.
             Succumbed to a water moccasin's poison
             ... on level 5 of the Dungeon.
             The game lasted 00:17:41 (6573 turns).

croobank the Firebug (Gnoll Fire Elementalist)      Turns: 6573, Time: 00:17:42

Health: -1/58      AC:  8    Str:  7    XL:     8   Next: 14%
Magic:  13/16      EV: 14    Int: 16    God:    Gozag
Gold:   399        SH:  0    Dex: 14    Spells: 11/18 levels left

rFire   . . .      SeeInvis .   J - +0 war axe (chaos)
rCold   . . .      Faith    .   (no shield)
rNeg    . . .      Spirit   .   a - +0 robe
rPois   .          Reflect  .   E - +2 helmet
rElec   .          Harm     .   (no cloak)
rCorr   .          Rampage  .   (no gloves)
Will    .....                   j - +2 pair of boots
Stlth   +++.......              (no amulet)
HPRegen 0.19/turn               (no ring)
MPRegen 0.15/turn               (no ring)

@: lethally poisoned (-1 -> -12), attractive, invisible
A: fangs 1, strong nose, distributed training
a: Renounce Religion, Potion Petition, Call Merchant, Bribe Branch


You were on level 5 of the Dungeon.
You worshipped Gozag.
Gozag was aware of your devotion.
You visited 2 branches of the dungeon, and saw 6 of its levels.

You collected 458 gold pieces.
You paid 59 gold pieces to Gozag.

Inventory:

Hand Weapons
 g - a +0 hunting sling
 k - a +0 rapier
 p - a +0 antimagic hand axe
 v - a +0 halberd
 B - a +0 hand axe
 D - a +0 falchion
 J - a +0 war axe of chaos (weapon)
 L - a +0 broad axe
 M - a +0 flail of protection
Missiles
 b - 4 boomerangs
 h - 3 throwing nets
 x - 92 stones
 y - 4 atropa-tipped darts
 F - 8 poisoned darts
Armour
 a - a +0 robe (worn)
 j - a +2 pair of boots (worn)
 C - a +0 ring mail
 E - a +2 helmet (worn)
 G - a +0 chain mail
 H - a +0 leather armour
 I - a +0 cloak
Magical Staves
 d - a staff of cold
Jewellery
 u - a ring of flight
 A - a ring of fire
 N - an amulet of reflection
Scrolls
 e - 3 scrolls of noise
 i - a scroll of acquirement {unknown}
 l - a scroll of brand weapon
 m - 3 scrolls of immolation {unknown}
 o - 2 scrolls of enchant weapon {unknown}
 r - 2 scrolls of teleportation {unknown}
 s - a scroll of fog {unknown}
Potions
 f - a potion of heal wounds {unknown}
 n - a potion of might
 q - a potion of mutation
 w - 3 potions of lignification {unknown}
 z - a potion of invisibility
 K - a potion of magic


   Skills:
 + Level 3.0 Fighting
 + Level 3.0 Short Blades
 + Level 3.0 Long Blades
 + Level 3.0 Axes
 + Level 3.0 Maces & Flails
 + Level 3.0 Polearms
 + Level 3.0 Staves
 + Level 3.0 Slings
 + Level 3.0 Bows
 + Level 3.0 Crossbows
 + Level 3.0 Throwing
 + Level 3.0 Armour
 + Level 5.5 Dodging
 + Level 5.2 Stealth
 + Level 3.0 Shields
 + Level 3.0 Unarmed Combat
 + Level 5.9 Spellcasting
 + Level 3.3 Conjurations
 + Level 2.4 Hexes
 + Level 2.4 Summonings
 + Level 2.4 Necromancy
 + Level 2.4 Translocations
 + Level 2.4 Transmutations
 + Level 6.0 Fire Magic
 + Level 2.4 Ice Magic
 + Level 2.4 Air Magic
 + Level 2.4 Earth Magic
 + Level 2.4 Poison Magic
 + Level 3.3 Invocations
 + Level 3.0 Evocations


You had 11 spell levels left.
You knew the following spells:

 Your Spells              Type           Power      Damage    Failure   Level
a - Foxfire               Conj/Fire      76%        2x1d7     1%          1
b - Scorch                Fire           48%        2d7       1%          2
c - Flame Wave            Conj/Fire      19%        2d6       21%         4

Your spell library contained the following spells:

 Spells                   Type           Power      Damage    Failure   Level
 Conjure Flame            Conj/Fire      19%        6-21      6%          3
 Ensorcelled Hibernation  Hex/Ice        24%        N/A       8%          2
 Passwall                 Tmut/Erth      10%        N/A       8%          2
 Inner Flame              Hex/Fire       18%        N/A       8%          3
 Dazzling Flash           Conj/Hex       26%        N/A       13%         3
 Swiftness                Air            12%        N/A       16%         3
 Agony                    Necr           12%        N/A       82%         5
 Silence                  Hex/Air        6%         N/A       82%         5


Dungeon Overview and Level Annotations

Branches:
Dungeon (5/15)             Temple (1/1) D:4

Altars:
Cheibriados
Dithmenos
Elyvilon
Gozag
Makhleb
Qazlal
Trog


Innate Abilities, Weirdness & Mutations

You have very sharp teeth.
Your uncanny sense of smell can sniff out nearby items.
Your experience applies equally to all skills.


Message History

You are lethally poisoned!
Something poisons you!
You completely miss something.
* * * LOW HITPOINT WARNING * * *
You feel extremely sick. Something bites you.
* * * LOW HITPOINT WARNING * * *
Something bites you.
* * * LOW HITPOINT WARNING * * *
You feel better. Something bites you.
* * * LOW HITPOINT WARNING * * *
You are lethally poisoned!
Something poisons you! Something bites you but does no damage.
Okay, then.
You feel better. Something bites you.
* * * LOW HITPOINT WARNING * * *
You are lethally poisoned!
Something poisons you!
Okay, then.
You miss something.
* * * LOW HITPOINT WARNING * * *
You feel very sick. Something bites you.
* * * LOW HITPOINT WARNING * * *
Something bites you.
* * * LOW HITPOINT WARNING * * *
You feel better. Something bites you.
* * * LOW HITPOINT WARNING * * *
You are lethally poisoned!
Something poisons you!
It was a potion of attraction.
You feel attractive to monsters.
* * * LOW HITPOINT WARNING * * *
You feel very sick. Something barely misses you. Something bites you.
* * * LOW HITPOINT WARNING * * *
It was a potion of invisibility.
You fade into invisibility!
You die...
Your body crumbles into a pile of gold.

#.....#.#
#.#........
##>##.#.#
##.#........
#.##.#.#
#....#......
#.##.#.#
#..#.#......
#.##.#.#
#..#.#......
#.##.#.#
#..#.#......
#.##.#.#
#....#......
#.##.#.#
##.#.#......
##.##@#.#
#....#...###
#...#{#.#
######...#
###.#.#.#
#...#...#
#.#.#.#
#.......#
#.#.#.#
###.#.#.#
#.#.#.#
#.#.#.#
#.#.#.#
#.#.#.#
#.#.#.#
#.#.#.#
###.# #.#
#.#.#.#


There were no monsters in sight!

Vanquished Creatures
  An ogre (D:5)
  A phantom (D:5)
  A necrophage (D:5)
  3 scorpions (D:5)
  A howler monkey (D:5)
  An orc priest (D:4)
  3 hounds
  A jelly (D:5)
  4 orc wizards
  9 adders
  4 gnolls
  An ufetubus (D:5)
  3 worms (D:2)
  2 dart slugs
  20 orcs
  12 ball pythons
  5 endoplasms
  6 giant cockroaches
  7 goblins
  6 hobgoblins
  9 jackals
  8 kobolds
  5 quokkas
  3 bats (D:3)
  A frilled lizard (D:1)
  6 rats
123 creatures vanquished.

Vanquished Creatures (others)
  149 foxfires
149 creatures vanquished.

Grand Total: 272 creatures vanquished

Notes
Turn   | Place    | Note
-------+----------+-------------------------------------------
     0 | D:1      | croobank the Gnoll Fire Elementalist began the quest for
                  | the Orb.
     0 | D:1      | Reached XP level 1. HP: 13/13 MP: 6/6
    74 | D:1      | Reached XP level 2. HP: 11/19 MP: 2/7
   200 | D:1      | Learned a level 2 spell: Scorch
   885 | D:1      | Reached XP level 3. HP: 25/25 MP: 1/9
   887 | D:1      | Reached skill level 5 in Spellcasting
  1471 | D:2      | Reached skill level 1 in Invocations
  1694 | D:2      | Reached skill level 1 in Fighting
  1694 | D:2      | Reached skill level 1 in Short Blades
  1694 | D:2      | Reached skill level 1 in Long Blades
  1694 | D:2      | Reached skill level 1 in Axes
  1694 | D:2      | Reached skill level 1 in Maces & Flails
  1694 | D:2      | Reached skill level 1 in Polearms
  1694 | D:2      | Reached skill level 1 in Staves
  1694 | D:2      | Reached skill level 1 in Slings
  1694 | D:2      | Reached skill level 1 in Bows
  1694 | D:2      | Reached skill level 1 in Crossbows
  1694 | D:2      | Reached skill level 1 in Throwing
  1694 | D:2      | Reached skill level 1 in Armour
  1694 | D:2      | Reached skill level 1 in Shields
  1694 | D:2      | Reached skill level 1 in Unarmed Combat
  1694 | D:2      | Reached skill level 1 in Evocations
  1949 | D:2      | Reached XP level 4. HP: 32/32 MP: 1/11
  2238 | D:2      | Reached skill level 1 in Hexes
  2238 | D:2      | Reached skill level 1 in Summonings
  2238 | D:2      | Reached skill level 1 in Necromancy
  2238 | D:2      | Reached skill level 1 in Translocations
  2238 | D:2      | Reached skill level 1 in Transmutations
  2238 | D:2      | Reached skill level 1 in Ice Magic
  2238 | D:2      | Reached skill level 1 in Air Magic
  2238 | D:2      | Reached skill level 1 in Earth Magic
  2238 | D:2      | Reached skill level 1 in Poison Magic
  2408 | D:2      | Reached XP level 5. HP: 37/37 MP: 8/12
  3147 | D:3      | Reached XP level 6. HP: 20/44 MP: 6/13
  3722 | D:3      | Found a faded altar of an unknown god.
  4005 | D:4      | Found a staircase to the Ecumenical Temple.
  4040 | Temple   | Entered the Ecumenical Temple
  4222 | Temple   | Became a worshipper of Gozag Ym Sagoz the Greedy
  4353 | D:4      | Learned a level 4 spell: Flame Wave
  4432 | D:4      | Reached skill level 5 in Dodging
  5246 | D:5      | Entered Level 5 of the Dungeon
  5423 | D:5      | Reached XP level 7. HP: 50/50 MP: 10/15
  5747 | D:5      | Reached skill level 5 in Stealth
  6197 | D:5      | Reached skill level 6 in Fire Magic
  6197 | D:5      | Reached XP level 8. HP: 57/57 MP: 9/16
  6570 | D:5      | HP: 1/58 [something (6)]
  6573 | D:5      | Succumbed to a water moccasin's poison

Illustrated notes

Levels and vault maps discovered:
D:1:      heliophobic_arrival_battle_scene, layout_rooms
D:2:      minmay_recursive_quarters, layout_loops_ring, due_unseen_surprise
D:3:      layout_loops_cross, basic_ecumenical_altar
D:4:      layout_cave_pools, minmay_temple_entry_mist, serial_column_ruins,
          column_ruins_hut, column_ruins_circle_medium, column_ruins_grid_4,
          column_ruins_columns_straight, column_ruins_open_small,
          column_ruins_open_tiny, nicolae_zen_rock_garden,
          hangedman_decor_diamond_cutter, kennysheep_generic_room_12
D:5:      layout_basic, nicolae_concentric_dashed_squares_mild
Temple:   mainiacjoe_temple_trianglar_array

Skill      XL: |  1  2  3  4  5  6  7  8 |
---------------+-------------------------+-----
Conjurations   | 2 3 |  3.3
Spellcasting   | 5 |  5.9
Invocations    | 1 2 3 |  3.3
Fighting       | 1 2 3 |  3.0
Short Blades   | 1 2 3 |  3.0
Long Blades    | 1 2 3 |  3.0
Axes           | 1 2 3 |  3.0
Maces & Flails | 1 2 3 |  3.0
Polearms       | 1 2 3 |  3.0
Staves         | 1 2 3 |  3.0
Slings         | 1 2 3 |  3.0
Bows           | 1 2 3 |  3.0
Crossbows      | 1 2 3 |  3.0
Throwing       | 1 2 3 |  3.0
Armour         | 1 2 3 |  3.0
Shields        | 1 2 3 |  3.0
Unarmed Combat | 1 2 3 |  3.0
Evocations     | 1 2 3 |  3.0
Hexes          | 1 2 |  2.4
Summonings     | 1 2 |  2.4
Necromancy     | 1 2 |  2.4
Translocations | 1 2 |  2.4
Transmutations | 1 2 |  2.4
Ice Magic      | 1 2 |  2.4
Air Magic      | 1 2 |  2.4
Earth Magic    | 1 2 |  2.4
Poison Magic   | 1 2 |  2.4
Dodging        | 5 |  5.5
Stealth        | 5 |  5.2
Fire Magic     | 6 |  6.0

Action                   |  1- 3 |  4- 6 |  7- 9 || total
-------------------------+-------+-------+-------++-------
Melee: Unarmed           |    26 |       |       ||    26
       Bite              |     3 |     1 |       ||     4
       Rapier            |    14 |    20 |       ||    34
       War axe           |       |       |    22 ||    22
 Cast: Foxfire           |    35 |    41 |     9 ||    85
       Scorch            |    17 |    60 |    21 ||    98
  Use: Potion            |       |     1 |     5 ||     6
       Scroll            |       |    10 |       ||    10
 Stab: Sleeping          |       |     1 |       ||     1
Armor: Robe              |     7 |     9 |    13 ||    29
Dodge: Dodged            |    23 |    25 |    20 ||    68

Table legend: (Time is in decaauts)
 A = Elapsed time spent in this place.
 B = Non-inter-level travel time spent in this place.
 C = Inter-level travel time spent in this place.
 D = Time resting spent in this place.
 E = Time spent auto-exploring this place.
 F = Levels seen in this place.
 G = Mean time per level.
                   A        B        C        D        E       F      G
               +--------+--------+--------+--------+--------+-----+--------+
         Total |   6585 |   6334 |    251 |   1101 |   4157 |   6 | 1097.5 |
       Dungeon |   6342 |   6152 |    190 |   1101 |   3979 |   5 | 1268.4 |
        Temple |    243 |    182 |     61 |      0 |    178 |   1 |  243.0 |
               +--------+--------+--------+--------+--------+-----+--------+

Top non-repeatable levels by time:
     D:2: 1644 daAuts
     D:5: 1334 daAuts
     D:1: 1241 daAuts
     D:3: 1120 daAuts
     D:4: 1000 daAuts
  Temple: 243 daAuts
